 Dungeon Crawl Stone Soup version 0.31-a0-978-g1e143483b6 (webtiles) character file.

Game seed: 1651745909853712220

25125 LobsterGuardian the Tainter (level 13, 0/71 HPs)
             Began as an Octopode Venom Mage on Oct 10, 2023.
             Was an Elder of Hepliaklqana.
             Slain by a sixfirhy (11 damage)
             ... summoned by an orc high priest
             ... on level 1 of the Orcish Mines on Oct 31, 2023.
             The game lasted 01:03:09 (16875 turns).

LobsterGuardian the Tainter (Octopode Venom Mage)  Turns: 16875, Time: 01:03:14

Health: 0/71       AC:  1    Str:  7    XL:     13   Next: 17%
Magic:  1/23       EV: 22    Int: 23    God:    Hepliaklqana [****..]
Gold:   1082       SH:  8    Dex: 18    Spells: 7/26 levels left

rFire   + . .        G - +2 dagger (speed)
rCold   . . .        v - +2 buckler
rNeg    . . .        (helmet restricted)
rPois   .            (no amulet)
rElec   .            a - ring of resist corrosion
rCorr   +            g - +5 ring of evasion
SInv    +            e - ring of wizardry
Will    .....        b - ring of flight
Stlth   ++++++       o - +6 ring of dexterity
HPRegen 0.31/turn    i - ring of protection from fire
MPRegen 0.18/turn    (no ring)
                     (no ring)

%: wizardry (x1)
@: flying
A: reduced essence, almost no armour, amphibious, 8 rings, camouflage 1,
gelatinous body 1, (nimble swimmer 1), tentacles
a: Renounce Religion, Recall Ancestor, Ancestor Identity, Transference, Idealise


You were on level 1 of the Orcish Mines.
You worshipped Hepliaklqana.
Hepliaklqana was greatly pleased with you.
You visited 4 branches of the dungeon, and saw 15 of its levels.

You collected 1082 gold pieces.

Inventory:

Hand Weapons
 s - a +2 short sword of holy wrath
 G - a +2 dagger of speed (weapon)
Missiles
 t - a throwing net
Armour
 v - a +2 buckler (worn)
Jewellery
 a - a ring of resist corrosion (left tentacle)
 b - a ring of flight (on tentacle)
 e - a ring of wizardry (on tentacle)
 g - a +5 ring of evasion (right tentacle)
 i - a ring of protection from fire (on tentacle)
 o - a +6 ring of dexterity (on tentacle)
Wands
 l - a wand of mindburst (33)
 m - a wand of roots (4)
 u - a wand of quicksilver (5)
 w - a wand of flame (18)
Scrolls
 d - a scroll of silence
 h - a scroll of torment
 p - a scroll of immolation
 y - a scroll of vulnerability
 E - a scroll of revelation
Potions
 c - a potion of brilliance
 f - a potion of degeneration {unknown}
 j - 2 potions of lignification
 k - 2 potions of berserk rage
 n - 3 potions of mutation {unknown}
 q - a potion of might
 r - a potion of attraction
 x - a potion of resistance
 z - a potion of heal wounds
 B - a potion of invisibility {unknown}
 D - a potion of haste {unknown}


   Skills:
 + Level 4.3 Fighting
 + Level 5.4 Short Blades
 + Level 7.9 Dodging
 - Level 10.0 Stealth
 - Level 5.0 Shields
 - Level 7.0 Spellcasting
 - Level 7.0 Conjurations
 - Level 2.0 Translocations
 - Level 3.0 Transmutations
 - Level 6.0 Air Magic
 + Level 9.2 Earth Magic
 - Level 10.0 Poison Magic
 + Level 3.2 Invocations
 - Level 1.0 Evocations


You had 7 spell levels left.
You knew the following spells:

 Your Spells              Type           Power      Damage    Failure   Level
a - Sting                 Tmut/Pois      100%       1d8       1%          1
b - Poisonous Vapours     Pois/Air       88%        N/A       1%          2
c - Mephitic Cloud        Conj/Pois/Air  43%        N/A       1%          3
d - Olgreb's Toxic Radia  Pois           52%        N/A       1%          4
e - Blink                 Tloc           34%        N/A       3%          2
f - Stone Arrow           Conj/Erth      90%        3d12      1%          3
g - Brom's Barrelling Bo  Conj/Erth      45%        2d6       1%          4

Your spell library contained the following spells:

 Spells                   Type           Power      Damage    Failure   Level
 Sandblast                Erth           100%       2d20      1%          1
 Cigotuvi's Dreadful Rot  Necr/Pois/Air  64%        N/A       1%          2
 Passwall                 Tmut/Erth      30%        N/A       1%          2
 Hailstorm                Conj/Ice       24%        3d7       3%          3
 Freeze                   Ice            32%        1d5       4%          1
 Frozen Ramparts          Ice            16%        1d3       14%         3
 Manifold Assault         Tloc           17%        N/A       21%         4
 Dispel Undead            Necr           8%         3d8       41%         4
 Death Channel            Necr           4%         N/A       99%         6


Dungeon Overview and Level Annotations

Branches:
Dungeon (10/15)            Temple (1/1) D:5            Lair (2/5) D:9
    Orc (2/2) D:10            Elf (0/3) Orc:2
  Swamp: Lair:2-3    Shoals: Lair:2-3     Snake: Lair:2-3    Spider: Lair:2-3

Altars:
Ashenzari
Cheibriados
Dithmenos
Elyvilon
Fedhas
Gozag
Hepliaklqana
Kikubaaqudgha
Makhleb
Nemelex Xobeh
Okawaru
Qazlal
Ru
Sif Muna
Trog
Uskayaw
Vehumet
Wu Jian
Xom
Yredelemnul
Zin
The Shining One

Shops:
D:9 !   D:10 (   Orc:2 *[

Annotations:
Orc:2 Jorgrun


Innate Abilities, Weirdness & Mutations

Your life essence is reduced to manifest your ancestor. (-10% HP)
You cannot wear most types of armour.
You are amphibious.
You can wear up to eight rings at the same time.
Your skin changes colour to match your surroundings (Stealth+).
Your rubbery body absorbs attacks. (AC +1, EV +1)
((You are camouflaged when in or above water. (Stealth+)))
You have tentacles for arms and can constrict up to eight enemies at once.


Message History

You send a boulder barrelling forward!
Brogan hits the orc warlord with a +0 dagger of draining. x2
The orc high priest prays to Beogh.
The orc warlord unwields a +1 long sword.
The orc warlord wields a +0 arbalest.
The orc warlord shoots a bolt.
The bolt hits Brogan!
Unknown command.
Brogan hits the orc warlord but does no damage.
Brogan drains the orc warlord.
The sixfirhy closely misses you.
Brogan closely misses the orc warlord.
The orc high priest utters an invocation to Beogh.
The boulder barrels into the orc high priest!
The orc high priest is severely wounded.
The orc high priest is knocked back.
The orc warlord unwields a +0 arbalest.
The orc warlord wields a +1 long sword.
The orc warlord hits Brogan with a +1 long sword!!
The sixfirhy attacks as it pursues you! You block the sixfirhy's attack.
The boulder barrels into the orc high priest!
The orc high priest is almost dead.
The orc high priest is knocked back.
The boulder barrels into the orc high priest!
The orc high priest is almost dead.
Your boulder is destroyed!
Unknown command.
You hit the sixfirhy but do no damage. You grab the sixfirhy.
You constrict the sixfirhy, but do no damage.
Unknown command.
You release your grip on the sixfirhy.
The orc warlord unwields a +1 long sword.
The orc warlord wields a +0 arbalest.
The orc warlord shoots a bolt.
The bolt hits you!!
Unknown command.
As you read the scroll labelled MYRYNAE NOTIR, it crumbles to dust.
You feel aware of your surroundings.
It was a scroll of revelation.
The sixfirhy hits you. The sixfirhy shocks you!
* * * LOW HITPOINT WARNING * * *
The sixfirhy hits you!
* * * LOW HITPOINT WARNING * * *
The sixfirhy shocks you!
You die...

##.#.###...#..O..#....,,
#.......)..#..........,,
##.......#)##..†##..$,,,
#####....###)###.##*,,,,,,
##.###....##...####*,,,,,,,
#....#...#.##.####*,,,,,,,,
*#..........).)###**,**,,,,
##........÷#..))###***,,,,,
#......4.3@.....).##,*,,,,,
##.)°.R.........)).....,,,,
#..o.....##.#........#.*,,,
#..o####..........#.##*,,,,
**##.)#####.....>..#######,,,
*,.).)...##.........#..#.#*,,
*#......#.#................,,
#.[.).#.##.........#......,*
#......###............#..##.


You could see the friendly Brogan the hexer, an orc warlord (very poisoned,
drained), an orc high priest (strong, very poisoned), a sixfirhy (summoned, ally
target) and a chaos spawn (summoned).

Vanquished Creatures
  3 boulder beetles (D:10)
  2 two-headed ogres
  A deep elf knight (Orc:1)
  A deep elf zephyrmancer (Orc:1)
  An orc knight (Orc:1)
  A cyclops (Orc:1)
  An ugly thing (D:10)
  2 orc sorcerers (Orc:1)
  2 elephants (Lair:2)
  Maggie (D:9)
  3 komodo dragons (Lair:1)
  A cane toad (Lair:1)
  A troll (Orc:2)
  Grinder (D:6)
  A wraith (D:10)
  A wyvern (Lair:1)
  26 yaks
  A basilisk (Lair:1)
  2 steam dragons
  Grum (D:8)
  4 water moccasins
  An acid dragon (D:8)
  Duvessa (D:4)
  11 orc warriors
  An ice beast (D:5)
  A black bear (D:6)
  3 wolves (D:8)
  7 ogres
  5 centaurs
  2 phantoms
  6 kobold brigands
  Blork the orc (D:4)
  10 bullfrogs
  2 gnoll sergeants
  8 scorpions
  5 wights (D:7)
  Dowan (D:4)
  8 killer bees
  A howler monkey (D:5)
  An electric eel (D:10)
  A hexer (Orc:1)
  4 hounds
  A gnoll bouda (D:8)
  13 orc priests
  2 sleepcaps
  7 orc wizards
  16 gnolls
  8 adders
  A shadow imp (D:6)
  A white imp (D:5)
  6 ufetubi
  4 worms
  2 dart slugs
  48 orcs
  7 bats
  7 endoplasms
  A giant cockroach (D:1)
  8 goblins
  6 hobgoblins
  6 jackals (D:1)
  5 quokkas
  14 ball pythons
  4 frilled lizards
  38 kobolds
  4 rats
  A butterfly (Lair:1)
347 creatures vanquished.

Vanquished Creatures (collateral kills)
  A death yak (Lair:2)
  An orc sorcerer (Orc:1)
  A cyclops (D:10)
  An elephant (Lair:2)
  A cane toad (Lair:1)
  2 komodo dragons
  3 trolls
  A wraith (D:9)
  A basilisk (D:9)
  8 yaks
  5 orc warriors
  A sky beast (D:7)
  A wolf (D:8)
  A centaur (Lair:1)
  A bullfrog (Lair:1)
  2 killer bees (D:10)
  An electric eel (D:10)
  A hound (D:7)
  3 orc wizards
  2 gnolls
  A shadow imp (D:7)
  A white imp (D:7)
  2 orcs
  2 kobolds (D:7)
  14 boulders
  A butterfly (Lair:1)
59 creatures vanquished.

Vanquished Creatures (others)
  5 hexers
  4 ancestors
  16 boulders
25 creatures vanquished.

Grand Total: 431 creatures vanquished

Notes
Turn   | Place    | Note
-------+----------+-------------------------------------------
     0 | D:1      | LobsterGuardian the Octopode Venom Mage began the quest for
                  | the Orb.
     0 | D:1      | Reached XP level 1. HP: 11/11 MP: 3/3
   104 | D:1      | Reached XP level 2. HP: 4/17 MP: 0/5
   459 | D:1      | Learned a level 2 spell: Poisonous Vapours
   573 | D:1      | Reached XP level 3. HP: 16/21 MP: 3/6
  1010 | D:2      | Noticed a scorpion
  1016 | D:2      | Killed a scorpion
  1017 | D:2      | Reached XP level 4. HP: 27/27 MP: 0/7
  1021 | D:2      | Learned a level 3 spell: Mephitic Cloud
  1500 | D:2      | Reached XP level 5. HP: 27/31 MP: 6/9
  2874 | D:3      | Reached XP level 6. HP: 36/36 MP: 1/10
  2876 | D:3      | Reached skill level 5 in Poison Magic
  2980 | D:3      | Found an iron altar of Okawaru.
  3667 | D:4      | Found a hide-covered altar of Uskayaw.
  3745 | D:4      | Noticed Blork the orc
  3777 | D:4      | Learned a level 4 spell: Olgreb's Toxic Radiance
  3878 | D:4      | Noticed Dowan
  3886 | D:4      | Killed Dowan
  3979 | D:4      | Noticed Duvessa
  4023 | D:4      | Killed Blork the orc
  4024 | D:4      | Reached XP level 7. HP: 35/41 MP: 0/12
  4167 | D:4      | Upgraded the game from 0.31-a0-865-g3d5d91748a to
                  | 0.31-a0-965-g8a8ce12e04
  4179 | D:4      | Killed Duvessa
  4180 | D:4      | Reached skill level 1 in Air Magic
  4465 | D:4      | You are sucked into a shaft and drop 1 floor!
  4465 | D:5      | Entered Level 5 of the Dungeon
  4521 | D:5      | Learned a level 2 spell: Blink
  4953 | D:5      | Reached XP level 8. HP: 44/47 MP: 4/14
  5214 | D:5      | Found a staircase to the Ecumenical Temple.
  5232 | Temple   | Entered the Ecumenical Temple
  5293 | Temple   | Became a worshipper of Hepliaklqana the Forgotten
  5294 | Temple   | Upgraded the game from 0.31-a0-965-g8a8ce12e04 to
                  | 0.31-a0-978-g1e143483b6
  5369 | D:5      | Reached skill level 5 in Dodging
  5559 | D:5      | Found a bloodstained altar of Trog.
  5870 | D:4      | Found a snail-covered altar of Cheibriados.
  5881 | D:4      | Found a stormy altar of Qazlal.
  6489 | D:5      | Reached skill level 1 in Short Blades
  6736 | D:6      | Found a shadowy altar of Dithmenos.
  6750 | D:6      | Reached skill level 5 in Spellcasting
  6750 | D:6      | Reached XP level 9. HP: 51/52 MP: 10/16
  6754 | D:6      | Learned a level 3 spell: Stone Arrow
  6786 | D:6      | Reached skill level 1 in Fighting
  6833 | D:6      | Noticed Grinder
  6844 | D:6      | Killed Grinder
  6993 | D:6      | Found a glowing golden altar of the Shining One.
  7155 | D:6      | Reached skill level 10 in Poison Magic
  7961 | D:7      | Reached * piety under Hepliaklqana
  8109 | D:7      | Reached skill level 1 in Conjurations
  8292 | D:7      | Reached skill level 1 in Earth Magic
  8529 | D:7      | Reached skill level 5 in Stealth
  8532 | D:7      | Reached skill level 1 in Shields
  8532 | D:7      | Reached XP level 10. HP: 54/54 MP: 0/17
  8815 | D:8      | Noticed Grum
  8822 | D:8      | Killed Grum
 10213 | D:9      | Noticed Maggie
 10220 | D:9      | Killed Maggie
 10221 | D:9      | Reached skill level 5 in Air Magic
 10221 | D:9      | Reached skill level 1 in Evocations
 10285 | D:9      | Noticed a two-headed ogre
 10297 | D:9      | Killed a two-headed ogre
 10499 | D:9      | Reached XP level 11. HP: 53/60 MP: 1/18
 10506 | D:9      | Found Riamum's Distillery.
 10650 | D:9      | Reached skill level 5 in Conjurations
 10650 | D:9      | Reached skill level 5 in Earth Magic
 10763 | D:9      | Reached ** piety under Hepliaklqana
 10764 | D:9      | Remembered your ancestor Brogan as a hexer
 10814 | D:9      | Reached skill level 1 in Invocations
 10973 | D:9      | Reached skill level 1 in Translocations
 11000 | D:9      | Found a staircase to the Lair.
 11629 | D:9      | Learned a level 4 spell: Brom's Barrelling Boulder
 11680 | D:10     | Entered Level 10 of the Dungeon
 11768 | D:10     | Noticed a boulder beetle
 12022 | D:10     | Found a shimmering altar of Xom.
 12144 | D:10     | Killed a boulder beetle
 12386 | D:10     | Found Akidasas's Antique Weapon Emporium.
 12549 | D:10     | Found a staircase to the Orcish Mines.
 13156 | D:10     | Noticed a two-headed ogre
 13166 | D:10     | Killed a two-headed ogre
 13566 | D:10     | Noticed a boulder beetle
 13569 | D:10     | Noticed a cyclops
 13569 | D:10     | Noticed a boulder beetle
 13572 | D:10     | Noticed a cyclops
 13574 | D:10     | Killed a boulder beetle
 13580 | D:10     | Killed a boulder beetle
 13726 | D:10     | Killed a cyclops
 13727 | D:10     | Reached XP level 12. HP: 64/64 MP: 5/22
 14025 | Lair:1   | Entered Level 1 of the Lair of Beasts
 14500 | Lair:1   | Identified the +5 short sword of Kismet {heavy, rN+}
 14830 | Lair:1   | Reached *** piety under Hepliaklqana
 14980 | Lair:1   | Found a white marble altar of Elyvilon.
 15188 | Lair:1   | Reached skill level 5 in Short Blades
 15457 | Lair:2   | Reached skill level 10 in Stealth
 15476 | Lair:2   | Noticed a death yak
 15482 | Lair:2   | Noticed a death yak
 15483 | Lair:2   | Killed a death yak
 15768 | Orc:1    | Entered Level 1 of the Orcish Mines
 16054 | Orc:1    | Reached **** piety under Hepliaklqana
 16056 | Orc:1    | You are sucked into a shaft and drop 1 floor!
 16056 | Orc:2    | Entered Level 2 of the Orcish Mines
 16106 | Orc:2    | Reached skill level 5 in Shields
 16281 | Orc:2    | Found Ereloc's Antique Armour Boutique.
 16344 | Orc:2    | Found a staircase to the Elven Halls.
 16354 | Orc:2    | Found Atraciupp's Overcharged Wands.
 16359 | Orc:2    | Noticed Jorgrun
 16624 | Orc:1    | Noticed a deep elf knight
 16634 | Orc:1    | Killed a deep elf knight
 16637 | Orc:1    | Reached XP level 13. HP: 71/71 MP: 3/23
 16861 | Orc:1    | Noticed an orc warlord
 16875 | Orc:1    | Slain by a sixfirhy

Illustrated notes

Levels and vault maps discovered:
D:1:      heliophobic_arrival_glass_houses, layout_basic,
          minmay_misc_feat_more_columns
D:2:      layout_basic, minmay_tetromino_t4
D:3:      layout_basic, okawaru_altar_gauntlet_db, serial_rivers,
          chequers_serial_rivers_micro_b, chequers_serial_rivers_room_b,
          chequers_serial_rivers_marsh, chequers_serial_rivers_room_b,
          chequers_serial_rivers_small_a, chequers_serial_rivers_large_a
D:4:      layout_basic, nicolae_qazlal_general_emergency, cheibriados_altar_1,
          mainiacjoe_overflow_small_starburst, uniq_blork_the_orc, uniq_duvessa
D:5:      layout_loops_ring, mainiacjoe_overflow_paths,
          minmay_temple_entry_proselytizer, small_statue_intersection,
          minmay_misc_feat_square, serial_bayou_pond_b, minmay_checkerbox
D:6:      layout_rooms, mainiacjoe_overflow_catch_the_wave,
          chequers_serial_rivers_marsh, grunt_ministairs_12, uniq_grinder
D:7:      layout_rooms
D:8:      layout_basic, uniq_grum
D:9:      layout_loops_ring, david_lair_shrubbed, serial_shops,
          nicolae_shop_industrial_runoff, serial_glass, glass_columns_b,
          glass_columns_a, minmay_strange_pillars,
          hangedman_abyss_or_decor_clamps, uniq_maggie
D:10:     minmay_blocky_corners, layout_basic, lemuel_round_altar, erik_orc_2,
          serial_shops, shop
Temple:   eino_narrow_crystal_temple
Lair:1:   layout_roguey, lemuel_centaur_altar, lemuel_fruit_fields
Lair:2:   statuecave_lemuel, layout_gridlike, minmay_shoals_entry_centaurs,
          minmay_snake_entry_guardpost_small
Orc:1:    layout_caves, nicolae_orc_rockfall, roderic_batcave, elf_legates
Orc:2:    pf_orc_diabolical, layout_diamond_mine, serial_shops, shop,
          nicolae_shop_overcharged_wands, uniq_jorgrun, uniq_nessos

Skill      XL: |  1  2  3  4  5  6  7  8  9 10 11 12 13 |
---------------+----------------------------------------+-----
Stealth        | 3 4 5 6 7 10 | 10.0
Poison Magic   | 4 5 7 9 10 | 10.0
Dodging        | 3 4 5 6 7 |  7.9
Spellcasting   | 3 4 5 6 7 |  7.0
Transmutations | 2 3 |  3.0
Air Magic      | 1 4 5 6 |  6.0
Short Blades   | 1 3 5 |  5.4
Fighting       | 2 3 4 |  4.3
Conjurations   | 2 4 5 7 |  7.0
Earth Magic    | 1 4 6 8 9 |  9.2
Shields        | 1 4 5 |  5.0
Evocations     | 1 |  1.0
Invocations    | 3 |  3.2
Translocations | 2 |  2.0

Action                     |  1- 3 |  4- 6 |  7- 9 | 10-12 | 13-15 || total
---------------------------+-------+-------+-------+-------+-------++-------
  Melee: Unarmed           |    43 |     7 |       |       |       ||    50
         Constrict         |    15 |    21 |    33 |    28 |     6 ||   103
         Tentacles         |    12 |    15 |    40 |    53 |     8 ||   128
         Punch             |     1 |       |     2 |     3 |       ||     6
         Dagger            |       |    64 |   121 |   126 |    21 ||   332
         Short sword       |       |       |     9 |    49 |       ||    58
  Throw: Throwing net      |       |       |     1 |       |       ||     1
   Cast: Sting             |    29 |    64 |   117 |    61 |       ||   271
         Poisonous Vapours |     2 |    26 |    34 |    49 |     9 ||   120
         Mephitic Cloud    |       |     6 |     5 |    13 |     1 ||    25
         Olgreb's Toxic Ra |       |     1 |    11 |    36 |     3 ||    51
         Stone Arrow       |       |       |    11 |    67 |     1 ||    79
         Brom's Barrelling |       |       |       |    35 |     4 ||    39
         Blink             |       |       |       |     1 |       ||     1
 Invoke: Ancestor Identity |       |       |     1 |       |       ||     1
         Recall Ancestor   |       |       |       |     4 |       ||     4
         Ancestor Life: He |       |       |       |     1 |       ||     1
  Evoke: Wand              |       |       |     9 |     1 |     1 ||    11
    Use: Potion            |     1 |     1 |       |     3 |     4 ||     9
         Scroll            |     4 |     5 |     5 |     2 |     2 ||    18
   Stab: Sleeping          |     5 |     9 |     1 |    17 |     2 ||    34
         Confused          |       |     3 |     1 |     7 |       ||    11
 Armour: Skin              |    25 |    36 |    62 |    73 |     5 ||   201
  Dodge: Dodged            |    47 |    56 |   177 |   119 |    18 ||   417
  Block: Buckler           |       |       |    12 |    64 |     6 ||    82

Table legend: (Time is in decaauts)
 A = Elapsed time spent in this place.
 B = Non-inter-level travel time spent in this place.
 C = Inter-level travel time spent in this place.
 D = Time resting spent in this place.
 E = Time spent auto-exploring this place.
 F = Levels seen in this place.
 G = Mean time per level.
                   A        B        C        D        E       F      G
               +--------+--------+--------+--------+--------+-----+--------+
         Total |  16825 |  15932 |    893 |     50 |  13313 |  15 | 1121.7 |
       Dungeon |  14129 |  13283 |    846 |     50 |  11130 |  10 | 1412.9 |
        Temple |     67 |     56 |     11 |      0 |     55 |   1 |   67.0 |
          Lair |   1526 |   1492 |     34 |      0 |   1239 |   2 |  763.0 |
  Orcish Mines |   1102 |   1102 |      0 |      0 |    889 |   2 |  551.0 |
               +--------+--------+--------+--------+--------+-----+--------+

Top non-repeatable levels by time:
    D:10: 2433 daAuts
     D:3: 1857 daAuts
     D:9: 1713 daAuts
     D:6: 1399 daAuts
  Lair:1: 1341 daAuts
     D:5: 1339 daAuts
     D:4: 1266 daAuts
     D:8: 1230 daAuts
     D:2: 1055 daAuts
     D:1: 942 daAuts
     D:7: 892 daAuts
   Orc:1: 793 daAuts
   Orc:2: 309 daAuts
  Lair:2: 185 daAuts
  Temple: 67 daAuts
